AoeStats
← kevinbeyens

Arabia

505688456Analyzed
1v1 RM · 23d ago on Sep 10, 2026· 55m 42s· 2 players
Game mode
Random Map
Map size
Tiny (2 player)
Population
200
Speed
Normal
Resources
Standard
Victory
Conquest
Starting age
Dark Age
Ending age
Imperial Age
RankedLock teamsTeams togetherTeam positionsShared explorationLock speedFull tech treeHidden civsTurbo modeCheats
Victory
Defeat
🇨🇭 Japanese · Switzerland
582
+16
🇧🇪 Khmer · Belgium
588
-16
kuronin
9:51 Feudal Age
11:51 Double-Bit Axe
11:39 Man-at-Arms
15:45 Arson
22:00 Castle Age
24:04 Pikeman
26:50 Scale Mail Armor
27:01 Forging
36:33 Wheelbarrow
40:03 Imperial Age
39:04 Horse Collar
39:56 Chain Mail Armor
41:42 Elite Samurai
44:32 Hand Cart
47:53 Plate Mail Armor
kevinbeyens
9:08 Loom
11:05 Feudal Age
12:55 Wheelbarrow
12:12 Double-Bit Axe
12:11 Horse Collar
13:30 Gold Mining
19:58 Castle Age
20:45 Husbandry
22:09 Bow Saw
22:21 Scale Barding Armor
22:31 Forging
23:49 Gold Shaft Mining
26:02 Stone Mining
28:51 Chain Barding Armor
29:07 Iron Casting
29:51 Stone Shaft Mining
29:42 Heavy Plow
31:58 Hand Cart
33:57 Scale Mail Armor
37:54 Imperial Age
36:28 Ballistics
36:14 Siphons
38:00 Heated Shot
39:47 Chemistry
38:38 Guard Tower
39:21 Crop Rotation
41:20 Cavalier
46:00 Heavy Scorpion
46:45 Double Crossbow
46:46 Tusk Swords
50:38 Elite Ballista Elephant
53:37 Elite Battle Elephant
Connection lost

Rejoining the realm…

Still unreachable

The connection could not be restored.

Session expired

The server has moved on; the page needs a fresh start.